 Dungeon Crawl Stone Soup version 0.27.1-1-g398f81649c (webtiles) character file.

Game seed: 8985735874166656196

214 Borgoz the Skirmisher (level 5, -1/33 HPs)
             Began as a Gargoyle Berserker on Sept 19, 2021.
             Was a Priest of Trog.
             Slain by Grinder (3 damage)
             ... while paralysed by Grinder
             ... on level 3 of the Dungeon.
             The game lasted 00:04:19 (2793 turns).

Borgoz the Skirmisher (Gargoyle Berserker)          Turns: 2793, Time: 00:04:19

Health: -1/33      AC: 10    Str: 20    XL:     5   Next: 92%
Magic:  5/5        EV:  2    Int:  8    God:    Trog [***...]
Gold:   140        SH:  0    Dex: 10    Spells: 4/4 levels left

rFire    . . .     SeeInvis .   a - +0 falchion
rCold    . . .     Faith    +   (no shield)
rNeg     + . .     Spirit   .   b - +0 animal skin
rPois    ∞         Reflect  .   (no helmet)
rElec    +         Harm     .   (no cloak)
rCorr    .         Rampage  .   (no gloves)
Will     .....                  (no boots)
Stlth    +.........             i - amulet of faith
HPRegen  0.11/turn              l - +4 ring of protection
MPRegen  0.09/turn              (no ring)

@: paralysed, on berserk cooldown, slowed
A: sickness immunity, AC +4, negative energy resistance 1, electricity
resistance, torment resistance 1, petrification resistance
a: Renounce Religion, Berserk, Trog's Hand


You were on level 3 of the Dungeon.
You worshipped Trog.
Trog was most pleased with you.
You visited 1 branch of the dungeon, and saw 3 of its levels.
You also visited: Sewer.

You collected 140 gold pieces.

Inventory:

Hand Weapons
 a - a +0 falchion (weapon)
Armour
 b - a +0 animal skin (worn)
 o - a +0 ring mail
Jewellery
 i - an amulet of faith (around neck)
 l - a +4 ring of protection (left hand)
Scrolls
 c - 3 scrolls of identify {unknown}
 f - a scroll of fog {unknown}
 h - a scroll of fear {unknown}
 j - 2 scrolls of teleportation {unknown}
 k - a scroll of magic mapping {unknown}
 m - a scroll of blinking {unknown}
 n - a scroll of enchant armour {unknown}
Potions
 d - 2 potions of curing
 e - a potion of ambrosia {unknown}
 g - a potion of might {unknown}
 p - a potion of heal wounds
 q - 2 potions of flight


   Skills:
 + Level 4.2 Fighting
 * Level 4.2 Long Blades
 + Level 3.4 Armour
 + Level 2.6 Dodging


You had 4 spell levels left.
You didn't know any spells.
Your spell library was empty.

Dungeon Overview and Level Annotations

Branches:
Dungeon (3/15)              Sewer (visited)

Altars:
Xom

Shops:
D:2 *

Annotations:
D:3 Grinder


Innate Abilities, Weirdness & Mutations

You are immune to sickness and miasma.
Your stone body is resilient. (AC +4)
You are immune to poison.
You resist negative energy. (rN+)
You are resistant to electric shocks. (rElec)
You are resistant to unholy torment.
You are immune to petrification.


Message History

Grinder hits you.
You writhe in agony.
You hit Grinder.
Grinder is moderately wounded.
Grinder gestures at you. Pain shoots through your body!
You barely miss Grinder.
Grinder is moderately wounded.
You closely miss Grinder.
Grinder is moderately wounded.
Grinder gestures at you.
You suddenly lose the ability to move!
Grinder hits you. x2
Grinder hits you but does no damage. Grinder hits you but does no damage. x2
Grinder blinks!
You can move again.
You are no longer berserk.
You are exhausted.
You feel yourself slow down. Grinder gestures at you.
You barely resist. You closely miss Grinder.
Grinder is moderately wounded.
Grinder hits you but does no damage.
You closely miss Grinder.
Grinder is moderately wounded.
Grinder hits you but does no damage.
Grinder blinks!
Grinder says, "DUCK!"
Grinder hits you!
You barely miss Grinder.
Grinder is moderately wounded.
Grinder gestures at you.
You suddenly lose the ability to move!
Grinder hits you. Grinder hits you.
You writhe in agony.
* * * LOW HITPOINT WARNING * * *
Grinder hits you but does no damage. x2
Grinder hits you!
* * * LOW HITPOINT WARNING * * *
You writhe in agony.
You die...

#.......# #.##.# #
#######.### #.##.###.#
#....).# #.##......
####.##.#.# #.#...## ###
##....##.#.#####......###≈≈
#..##.##>......#.......#≈##
#...........##.####..###≈##
#..#######5.##.####.)###≈#.
#..#.....#@.........)[.#≈##
#..#.....#.###.####.##.#≈##
##.#.._..#.###.# #.##)##÷.
#.#.....#.....# #.##.)###
#.#.....#.##### #.####≈≈≈
#.###'###.# #.# ####
........# #.# #...
###...### ###.# #.## #..#
##.#.## #.#


You could see Grinder.

Vanquished Creatures
  A kobold brigand (Sewer)
  An orc wizard (D:3)
  2 adders (D:3)
  A river rat (Sewer)
  A worm (D:3)
  3 dart slugs
  7 orcs (D:3)
  9 ball pythons
  7 bats
  4 endoplasms
  2 giant cockroaches
  11 goblins
  4 hobgoblins
  2 jackals (Sewer)
  5 kobolds
  A frilled lizard (D:2)
  12 rats
73 creatures vanquished.

Notes
Turn   | Place    | Note
-------+----------+-------------------------------------------
     0 | D:1      | Borgoz the Gargoyle Berserker began the quest for the Orb.
     0 | D:1      | Reached XP level 1. HP: 14/14 MP: 1/1
   182 | D:1      | Reached XP level 2. HP: 14/19 MP: 2/2
   527 | D:1      | Reached XP level 3. HP: 23/23 MP: 3/3
   553 | D:1      | Reached ** piety under Trog
  1046 | D:2      | Found Wirch's Assorted Antiques.
  1940 | D:3      | Reached XP level 4. HP: 29/29 MP: 4/4
  2241 | D:3      | Found a glowing drain.
  2245 | Sewer    | Entered a sewer
  2268 | Sewer    | Reached XP level 5. HP: 33/33 MP: 5/5
  2312 | Sewer    | Noticed a kobold brigand
  2321 | Sewer    | Reached *** piety under Trog
  2338 | Sewer    | Killed a kobold brigand
  2502 | Sewer    | Found a glowing silver altar of Zin.
  2753 | D:3      | Found a shimmering altar of Xom.
  2767 | D:3      | Noticed Grinder
  2776 | D:3      | Paralysed by Grinder for 7 turns
  2789 | D:3      | Paralysed by Grinder for 7 turns
  2793 | D:3      | Slain by Grinder

Illustrated notes

Levels and vault maps discovered:
D:1:      minmay_arrival_doors, layout_basic, palyth_stone_intersect
D:2:      layout_loops_cross, serial_shops,
          nicolae_shop_temple_entry_statues_fountains
D:3:      layout_loops_corners, amcnicky_altar_gilded, gup_sewer_entry_spiral,
          uniq_terence, uniq_grinder

Skill      XL: |  1  2  3  4  5 |
---------------+----------------+-----
Long Blades    | 3 4 |  4.2
Dodging        | 2 |  2.6
Armour         | 3 |  3.4
Fighting       | 4 |  4.2

Action                   |  1- 3 |  4- 6 || total
-------------------------+-------+-------++-------
Melee: Falchion          |   116 |   157 ||   273
Invok: Trog's Hand       |       |     2 ||     2
       Berserk           |       |     2 ||     2
 Stab: Sleeping          |       |     1 ||     1
Armor: Animal skin       |    58 |    63 ||   121
Dodge: Dodged            |   112 |    84 ||   196
       Rpst.: Falchion   |    37 |    19 ||    56
